| TOP OF THE 1ST |
|
Oakland Oaks batting - Pitching for Amarillo ThunderHeads : RHP Torsten Fisher
|
|
Pitching: RHP Torsten Fisher
|
|
|
Batting: RHB Brian Callaghan
|
0-0: Called Strike 0-1: Ball 1-1: Fly out, F7 (Flyball, 7S, EV 91.3 MPH)
|
|
Batting: RHB Marcus Kressley
|
0-0: Swinging Strike 0-1: Fly out, F8 (Flyball, 8RD, EV 106.9 MPH)
|
|
Batting: LHB Alejandro Muniz
|
0-0: Ball 1-0: Called Strike 1-1: Called Strike 1-2: Ball 2-2: Fly out, F8 (Line Drive, 8LD, EV 91.3 MPH)
|
| Top of the 1st over - 0 runs, 0 hits, 0 errors, 0 left on base; Oakland 0 - Amarillo 0 |
| BOTTOM OF THE 1ST |
|
Amarillo ThunderHeads batting - Pitching for Oakland Oaks : RHP Chad Cooper
|
|
Pitching: RHP Chad Cooper
|
|
|
Batting: SHB Zack Barton
|
0-0: Ball 1-0: Foul Ball, location: 2F 1-1: Ball 2-1: Fly out, F9 (Flyball, 9, EV 91.9 MPH)
|
|
Batting: SHB Tim Rogers
|
0-0: Called Strike 0-1: Ball 1-1: Swinging Strike 1-2: Ball 2-2: Ground out U3 (Groundball, 34, EV 81.9 MPH)
|
|
Batting: RHB Salvatore Zamora
|
0-0: Swinging Strike 0-1: Called Strike 0-2: Strikes out swinging
|
| Bottom of the 1st over - 0 runs, 0 hits, 0 errors, 0 left on base; Oakland 0 - Amarillo 0 |
| TOP OF THE 2ND |
|
Oakland Oaks batting - Pitching for Amarillo ThunderHeads : RHP Torsten Fisher
|
|
Batting: SHB Steve Salafia
|
0-0: Called Strike 0-1: Called Strike 0-2: Strikes out swinging
|
|
Batting: LHB Marcus Pollard
|
0-0: SINGLE (Groundball, 4MD, EV 97.5 MPH)
|
|
Batting: LHB Mike Murphy
|
0-0: Called Strike 0-1: Ball 1-1: Called Strike 1-2: Foul Ball, location: 2F 1-2: Foul Ball, location: 2F 1-2: Ball 2-2: Ball 3-2: Fielders Choice at 2nd, 4-6 (Groundball, 34S, EV 81.9 MPH)
|
|
Batting: RHB Jon Coakley
|
0-0: Called Strike 0-1: Ball 1-1: Ball 2-1: Ball Mike Murphy steals 2nd base 3-1: Swinging Strike 3-2: Foul Ball, location: 2F 3-2: DOUBLE (Line Drive, 9LD, EV 98.1 MPH) Mike Murphy scores
|
|
Batting: LHB Felipe Gomez
|
0-0: Ball 1-0: Ball Passed Ball! Jon Coakley to third 2-0: Foul Ball, location: 2F 2-1: Ground out 3-1 (Groundball, 34S, EV 85.6 MPH)
|
| Top of the 2nd over - 1 run, 2 hits, 0 errors, 1 left on base; Oakland 1 - Amarillo 0 |
| BOTTOM OF THE 2ND |
|
Amarillo ThunderHeads batting - Pitching for Oakland Oaks : RHP Chad Cooper
|
|
Batting: RHB Luis Reyna
|
0-0: Called Strike 0-1: SINGLE (Groundball, 6MD, EV 96.9 MPH)
|
|
Batting: RHB Morgan Harding
|
0-0: Ball 1-0: Ball Luis Reyna steals 2nd, throwing error, E2 Luis Reyna to third 2-0: Foul Ball, location: 2F 2-1: Foul Ball, location: 2F 2-2: Foul Ball, location: 2F 2-2: Strikes out swinging
|
|
Batting: RHB Jerry Foster
|
0-0: Ball 1-0: Called Strike 1-1: Foul Ball, location: 2F 1-2: Strikes out swinging
|
|
Batting: RHB Luis Solorzano
|
0-0: Ball 1-0: Foul Ball, location: 2F 1-1: Ball 2-1: Swinging Strike 2-2: Foul Ball, location: 2F 2-2: Ground out U3 (Groundball, 34S, EV 87.5 MPH)
|
| Bottom of the 2nd over - 0 runs, 1 hit, 1 error, 1 left on base; Oakland 1 - Amarillo 0 |
| TOP OF THE 3RD |
|
Oakland Oaks batting - Pitching for Amarillo ThunderHeads : RHP Torsten Fisher
|
|
Batting: RHB David Sharp
|
0-0: Ball 1-0: Reached on error, E5 (Groundball, 56S, EV 84.4 MPH)
|
|
Batting: RHB Brian Callaghan
|
0-0: Called Strike 0-1: Called Strike 0-2: Ball Passed Ball! David Sharp to third 1-2: Fly out, F7 (Flyball, 7, EV 95.6 MPH) Runner from 3rd tags up, SCORES, throw by LF
|
|
Batting: RHB Marcus Kressley
|
0-0: Called Strike 0-1: Foul Ball, location: 2F 0-2: Ball 1-2: Strikes out swinging
|
|
Batting: LHB Alejandro Muniz
|
0-0: Foul Ball, location: 2F 0-1: Ball 1-1: Swinging Strike 1-2: Fly out, F5 (Popup, 25F, EV 86.3 MPH)
|
| Top of the 3rd over - 1 run, 0 hits, 1 error, 0 left on base; Oakland 2 - Amarillo 0 |
| BOTTOM OF THE 3RD |
|
Amarillo ThunderHeads batting - Pitching for Oakland Oaks : RHP Chad Cooper
|
|
Batting: RHB Ron Squires
|
0-0: Fly out, F9 (Flyball, 89S, EV 91.9 MPH)
|
|
Batting: SHB Tyler Romo
|
0-0: Called Strike 0-1: Ball 1-1: Ball 2-1: Ball 3-1: Base on Balls
|
|
Batting: SHB Zack Barton
|
0-0: Ball 1-0: Called Strike Tyler Romo is caught stealing 2nd base 2-6 1-1: Foul Ball, location: 2F 1-2: Ball 2-2: Foul Ball, location: 2F 2-2: Strikes out swinging
|
| Bottom of the 3rd over - 0 runs, 0 hits, 0 errors, 0 left on base; Oakland 2 - Amarillo 0 |
| TOP OF THE 4TH |
|
Oakland Oaks batting - Pitching for Amarillo ThunderHeads : RHP Torsten Fisher
|
|
Batting: SHB Steve Salafia
|
0-0: Ball 1-0: Foul Ball, location: 2F 1-1: Ball 2-1: Fly out, F4 (Line Drive, 4, EV 71.3 MPH)
|
|
Batting: LHB Marcus Pollard
|
0-0: Called Strike 0-1: Foul Ball, location: 2F 0-2: Foul Ball, location: 2F 0-2: Strikes out swinging
|
|
Batting: LHB Mike Murphy
|
0-0: Ball 1-0: Ball 2-0: Ball 3-0: Base on Balls
|
|
Batting: RHB Jon Coakley
|
0-0: Called Strike Mike Murphy steals 2nd base 0-1: SINGLE (Groundball, 34D, EV 102.5 MPH) Mike Murphy to third Runner from 3rd tries for Home, SAFE, throw by RF to home
|
|
Batting: LHB Felipe Gomez
|
0-0: Ball 1-0: Foul Ball, location: 2F 1-1: Ball 2-1: Foul Ball, location: 2F 2-2: Fly out, F2 (Popup, 2LF, EV 97.5 MPH)
|
| Top of the 4th over - 1 run, 1 hit, 0 errors, 1 left on base; Oakland 3 - Amarillo 0 |
| BOTTOM OF THE 4TH |
|
Amarillo ThunderHeads batting - Pitching for Oakland Oaks : RHP Chad Cooper
|
|
Batting: SHB Tim Rogers
|
0-0: Ball 1-0: Swinging Strike 1-1: Ball 2-1: Ball 3-1: Ground out 4-3 (Groundball, 4, EV 83.8 MPH)
|
|
Batting: RHB Salvatore Zamora
|
0-0: Reached on error, E4 (Flyball, 4D, EV 90.6 MPH)
|
|
Batting: RHB Luis Reyna
|
0-0: Swinging Strike 0-1: Swinging Strike 0-2: Ball 1-2: Strikes out swinging
|
|
Batting: RHB Morgan Harding
|
0-0: Swinging Strike 0-1: Foul Ball, location: 2F 0-2: Ball 1-2: Fielders Choice at 2nd, 5-4 (Groundball, 56, EV 92.5 MPH)
|
| Bottom of the 4th over - 0 runs, 0 hits, 1 error, 1 left on base; Oakland 3 - Amarillo 0 |
| TOP OF THE 5TH |
|
Oakland Oaks batting - Pitching for Amarillo ThunderHeads : RHP Torsten Fisher
|
|
Batting: RHB David Sharp
|
0-0: Swinging Strike 0-1: Swinging Strike 0-2: Foul Ball, location: 2F 0-2: Foul Ball, location: 2F 0-2: Ground out 5-3 (Groundball, 56S, EV 67.5 MPH)
|
|
Batting: RHB Brian Callaghan
|
0-0: Ball 1-0: Fly out, F8 (Flyball, 8LD, EV 97.5 MPH)
|
|
Batting: RHB Marcus Kressley
|
0-0: Ball 1-0: Swinging Strike 1-1: Swinging Strike 1-2: Ball 2-2: Strikes out looking
|
| Top of the 5th over - 0 runs, 0 hits, 0 errors, 0 left on base; Oakland 3 - Amarillo 0 |
| BOTTOM OF THE 5TH |
|
Amarillo ThunderHeads batting - Pitching for Oakland Oaks : RHP Chad Cooper
|
|
Batting: RHB Jerry Foster
|
0-0: Ground out 6-3 (Groundball, 6, EV 76.9 MPH)
|
|
Batting: RHB Luis Solorzano
|
0-0: Called Strike 0-1: Ball 1-1: Ball 2-1: Swinging Strike 2-2: Strikes out swinging
|
|
Batting: RHB Ron Squires
|
0-0: Ball 1-0: Swinging Strike 1-1: Swinging Strike 1-2: Foul Ball, location: 2F 1-2: Strikes out swinging
|
| Bottom of the 5th over - 0 runs, 0 hits, 0 errors, 0 left on base; Oakland 3 - Amarillo 0 |
| TOP OF THE 6TH |
|
Oakland Oaks batting - Pitching for Amarillo ThunderHeads : RHP Torsten Fisher
|
|
Batting: LHB Alejandro Muniz
|
0-0: Ball 1-0: Ball 2-0: Called Strike 2-1: Swinging Strike 2-2: Ball 3-2: Fly out, F7 (Line Drive, 78S, EV 100.6 MPH)
|
|
Batting: SHB Steve Salafia
|
0-0: Ball 1-0: Ground out 4-3 (Groundball, 4D, EV 106.3 MPH)
|
|
Batting: LHB Marcus Pollard
|
0-0: Called Strike 0-1: Ground out 4-3 (Groundball, 4, EV 83.8 MPH)
|
| Top of the 6th over - 0 runs, 0 hits, 0 errors, 0 left on base; Oakland 3 - Amarillo 0 |
| BOTTOM OF THE 6TH |
|
Amarillo ThunderHeads batting - Pitching for Oakland Oaks : RHP Chad Cooper
|
|
Batting: SHB Tyler Romo
|
0-0: Called Strike 0-1: Foul Ball, location: 2F 0-2: Ball 1-2: SINGLE (Line Drive, 6MD, EV 103.8 MPH)
|
|
Batting: SHB Zack Barton
|
0-0: Ball 1-0: Ball 2-0: Foul Ball, location: 2F 2-1: Foul Ball, location: 2F 2-2: Fielders Choice at 2nd, 4-6 (Groundball, 4, EV 108.1 MPH)
|
|
Batting: SHB Tim Rogers
|
0-0: Ball 1-0: Called Strike 1-1: Reached on error, E5 (Groundball, 5, EV 78.8 MPH) Zack Barton to second
|
|
Batting: RHB Salvatore Zamora
|
0-0: Ball Passed Ball! Zack Barton to third Tim Rogers to second 1-0: Ground out 3-1 (Groundball, 34, EV 77.5 MPH) Zack Barton scores Tim Rogers to third
|
|
Batting: RHB Luis Reyna
|
0-0: Foul Ball, location: 2F 0-1: Foul Ball, location: 2F 0-2: Strikes out looking
|
| Bottom of the 6th over - 1 run, 1 hit, 1 error, 1 left on base; Oakland 3 - Amarillo 1 |
| TOP OF THE 7TH |
|
Oakland Oaks batting - Pitching for Amarillo ThunderHeads : RHP Torsten Fisher
|
|
Batting: LHB Mike Murphy
|
0-0: Foul Ball, location: 2F 0-1: Ball 1-1: Ground out 6-3 (Groundball, 6, EV 84.4 MPH)
|
|
Batting: RHB Jon Coakley
|
0-0: Called Strike 0-1: Foul Ball, location: 2F 0-2: Ball 1-2: Fly out, F8 (Flyball, 8LM, EV 83.1 MPH)
|
|
Batting: LHB Felipe Gomez
|
0-0: Called Strike 0-1: Swinging Strike 0-2: Ball 1-2: Ball 2-2: Strikes out swinging
|
| Top of the 7th over - 0 runs, 0 hits, 0 errors, 0 left on base; Oakland 3 - Amarillo 1 |
| BOTTOM OF THE 7TH |
|
Amarillo ThunderHeads batting - Pitching for Oakland Oaks : RHP Chad Cooper
|
|
Batting: RHB Morgan Harding
|
0-0: Swinging Strike 0-1: Ground out 6-3 (Groundball, 56, EV 98.8 MPH)
|
|
Batting: RHB Jerry Foster
|
0-0: Ball 1-0: Fly out, F8 (Flyball, 8RM, EV 76.9 MPH)
|
|
Batting: RHB Luis Solorzano
|
0-0: Called Strike 0-1: Ball 1-1: DOUBLE (Line Drive, 78D, EV 99.4 MPH)
|
|
Batting: RHB Ron Squires
|
0-0: Ball 1-0: Fly out, F8 (Flyball, 8RM, EV 91.9 MPH)
|
| Bottom of the 7th over - 0 runs, 1 hit, 0 errors, 1 left on base; Oakland 3 - Amarillo 1 |
| TOP OF THE 8TH |
|
Oakland Oaks batting - Pitching for Amarillo ThunderHeads : RHP Torsten Fisher
|
|
Pitching: LHP Alex Boites
|
|
|
Batting: RHB David Sharp
|
0-0: Ball 1-0: Ground out 6-3 (Groundball, 6, EV 88.1 MPH)
|
|
Batting: RHB Brian Callaghan
|
0-0: Fly out, F3 (Line Drive, 3, EV 70.6 MPH)
|
|
Batting: RHB Marcus Kressley
|
0-0: Called Strike 0-1: Ball 1-1: Ball 2-1: Ball 3-1: Called Strike 3-2: Foul Ball, location: 2F 3-2: Base on Balls
|
|
Batting: LHB Alejandro Muniz
|
0-0: Ball Marcus Kressley steals 2nd base 1-0: Called Strike 1-1: Ground out 4-3 (Groundball, 4S, EV 76.3 MPH)
|
| Top of the 8th over - 0 runs, 0 hits, 0 errors, 1 left on base; Oakland 3 - Amarillo 1 |
| BOTTOM OF THE 8TH |
|
Amarillo ThunderHeads batting - Pitching for Oakland Oaks : RHP Chad Cooper
|
|
Now at 1B: Igor Ciobanu
|
|
|
Batting: SHB Tyler Romo
|
0-0: Ball 1-0: Foul Ball, location: 2F 1-1: Foul Ball, location: 2F 1-2: Ball 2-2: Foul Ball, location: 2F 2-2: Strikes out swinging
|
|
Batting: SHB Zack Barton
|
0-0: Ball 1-0: Ball 2-0: Ball 3-0: Called Strike 3-1: DOUBLE (Line Drive, 8LD, EV 89.4 MPH)
|
|
Batting: SHB Tim Rogers
|
0-0: Ground out U3 (Groundball, 3, EV 85.6 MPH) Zack Barton to third
|
|
Batting: LHB Santino Pisanello
|
0-0: Ball 1-0: Ball 2-0: Called Strike 2-1: Ball Wild Pitch! Zack Barton scores 3-1: Base on Balls
|
|
Pitching: RHP Hisatada Sekiguchi
|
|
|
Batting: RHB Luis Reyna
|
0-0: Ball Passed Ball! Santino Pisanello to second 1-0: Ball 2-0: Ball 3-0: Base on Balls
|
|
Batting: RHB Morgan Harding
|
0-0: Foul Ball, location: 2F 0-1: 3-RUN HOME RUN (Flyball, 78XD, EV 101.3 MPH), Distance : 396 ft
|
|
Batting: RHB Jerry Foster
|
0-0: Ball 1-0: Foul Ball, location: 2F 1-1: Ground out 6-3 (Groundball, 6, EV 91.3 MPH)
|
| Bottom of the 8th over - 4 runs, 2 hits, 0 errors, 0 left on base; Oakland 3 - Amarillo 5 |
| TOP OF THE 9TH |
|
Oakland Oaks batting - Pitching for Amarillo ThunderHeads : LHP Alex Boites
|
|
Pitching: RHP Mike Osgood
|
|
|
Batting: SHB Steve Salafia
|
0-0: Ball 1-0: Ball 2-0: Ball 3-0: Base on Balls
|
|
Batting: LHB Marcus Pollard
|
0-0: Ball 1-0: Ball 2-0: Called Strike 2-1: Ball 3-1: Foul Ball, location: 2F 3-2: Base on Balls Steve Salafia to second
|
|
Batting: LHB Mike Murphy
|
0-0: Called Strike 0-1: Ball 1-1: Ball 2-1: Bunted foul 2-2: Fielders Choice at 2nd, 3-6 (Groundball, 3, EV 84.4 MPH) Steve Salafia to third
|
|
Batting: RHB Jon Coakley
|
0-0: Called Strike Mike Murphy steals 2nd base 0-1: Ball 1-1: Ball 2-1: Fly out, F8 (Flyball, 8LS, EV 89.4 MPH)
|
|
Batting: LHB Felipe Gomez
|
0-0: Fly out, F4 (Flyball, 34D, EV 69.4 MPH)
|
| Top of the 9th over - 0 runs, 0 hits, 0 errors, 2 left on base; Oakland 3 - Amarillo 5 |
|